 Dungeon Crawl Stone Soup version 0.27.0-1-g7a089689b8 (webtiles) character file.

Game seed: 644985161220841491

347 MajorAdolf the Sneak (level 6, 0/52 HPs)
             Began as a Naga Wanderer on Aug 3, 2021.
             Splashed by an orc priest's acid (10 damage)
             ... on level 3 of the Dungeon.
             The game lasted 00:06:56 (4030 turns).

MajorAdolf the Sneak (Naga Wanderer)                Turns: 4030, Time: 00:06:57

Health: 0/52       AC: -1    Str: 14    XL:     6   Next: 59%
Magic:  0/9        EV:  7    Int: 13    God:
Gold:   91         SH:  8    Dex: 12    Spells: 9/9 levels left

rFire    . . .     SeeInvis +   j - +2 dagger (venom)
rCold    . . .     Faith    .   f - +0 kite shield
rNeg     . . .     Spirit   +   c - +0 robe
rPois    +         Reflect  .   (no helmet)
rElec    .         Harm     .   (no cloak)
rCorr    .         Rampage  .   (no gloves)
Will     .....                  (no barding)
Stlth    +++.......             h - amulet of guardian spirit
HPRegen  0.17/turn              (no ring)
MPRegen  0.11/turn              (no ring)

@: corroded, very slow
A: AC +2, large, see invisible, deformed body, poison resistance, slowness 2,
spit poison 1, naga tail 1
a: Spit Poison


You were on level 3 of the Dungeon.
You visited 1 branch of the dungeon, and saw 3 of its levels.
You also visited: Sewer.

You collected 117 gold pieces.
You spent 26 gold pieces at shops.

Inventory:

Hand Weapons
 j - a +2 dagger of venom (weapon)
Armour
 c - a +0 robe (worn)
 f - a +0 kite shield (worn)
Jewellery
 h - an amulet of guardian spirit (around neck)
Scrolls
 a - a scroll of magic mapping {unknown}
 d - a scroll of teleportation
 i - a scroll of identify
 l - a scroll of blinking {unknown}
 o - a scroll of summoning {unknown}
 p - a scroll of enchant armour {unknown}
Potions
 b - a potion of lignification
 e - a potion of haste
 g - a potion of magic {unknown}
 k - 2 potions of might {unknown}
 m - a potion of heal wounds {unknown}
 n - a potion of cancellation {unknown}


   Skills:
 - Level 2.0 Fighting
 + Level 3.9 Short Blades
 + Level 7.5 Stealth
 + Level 2.0 Shields
 - Level 2.0 Spellcasting
 - Level 3.0 Hexes


You had 9 spell levels left.
You didn't know any spells.
Your spell library contained the following spells:

 Spells                   Type           Power      Damage    Failure   Level
 Corona                   Hex            10%        N/A       32%         1
 Ensorcelled Hibernation  Hex/Ice        10%        N/A       65%         2
 Confusing Touch          Hex            9%         N/A       67%         3
 Tukima's Dance           Hex            9%         N/A       67%         3
 Dazzling Flash           Conj/Hex       10%        N/A       87%         3


Dungeon Overview and Level Annotations

Branches:
Dungeon (3/15)              Sewer (visited)

Altars:

Shops:
D:1 ?

Annotations:
D:3 1 runed translucent door, Raspi's ghost, amateur HOFi


Innate Abilities, Weirdness & Mutations

Your serpentine skin is tough. (AC +2)
You have supernaturally acute eyesight. (SInv)
Armour fits poorly on your strangely shaped body.
Your system is resistant to poisons. (rPois)
You cover ground very slowly.
You can spit poison.
You have a snake-like lower body.


Message History

What are your orders? t - Shout!
Orders for allies: a - Attack new target. r - Retreat! s - Stop attacking. g - Guard the area. f - Follow me.
Anything else - Cancel.
Okay, then.
Press: ? - help, Shift-Dir - straight line, f - orc
Aim: an orc, wielding a +0 falchion (wandering, hasn't noticed you)
The splash of poison hits the orc.
The orc is poisoned.
The orc is heavily wounded.
The orc shouts!
The orc priest shouts!
You feel a bit more experienced.
The orc priest miscasts a cantrip.
The orc priest miscasts a cantrip.
You have got your breath back.
You hit the orc.
The orc is poisoned.
The orc is moderately wounded.
The orc closely misses you.
You hit the orc.
You kill the orc!
The orc priest zaps a wand.
The bolt of acid hits you!!
You are splashed with acid!
The orc priest zaps a wand.
The bolt of acid misses you. You block the orc priest's attack.
You see here a +0 club.
You hit the orc priest.
The orc priest is poisoned.
The orc priest is moderately wounded.
The orc priest hits you with a +0 falchion.
You hit the orc priest but do no damage.
The orc priest looks as sick as possible!
The orc priest is moderately wounded.
The orc priest looks encouraged for a moment.
You hit the orc priest.
The orc priest looks as sick as possible!
The orc priest is heavily wounded.
The orc priest zaps a wand.
The bolt of acid hits you!
* * * LOW HITPOINT WARNING * * *
The acid corrodes you!
You are splashed with acid!
You die...

.#....... ..#.###..<......#
......### ###.###.##..#####
......# #.#.......## ....†.#
#.#.#.###..# #. .##...# #.#.#.#
#..# # #.
.##...#######.#.#.###..####.####.
..+..............................
###...#######.#.######...#####.#.
#...# #..o@........<.....#. #...#
#...######).......... ###...#
#.....#.............. ......#
#.....#.###.......... ....###
#..)###.# #..####.... ....#
#...###.###...# #.... #####
#...#.......#.# #....
#...#.#'#####..##....
#...#......# #.##....


You could see an orc priest (extremely poisoned).

Vanquished Creatures
  Sigmund (D:2)
  An orc wizard (D:3)
  6 adders
  3 worms (D:3)
  4 dart slugs
  8 orcs (D:3)
  9 ball pythons
  5 endoplasms
  A giant cockroach (D:2)
  3 hobgoblins
  9 jackals
  7 quokkas
  2 bats
  6 frilled lizards
  5 goblins
  13 kobolds
  2 rats
  A spectral goblin (D:1)
86 creatures vanquished.

Vanquished Creatures (others)
  16 plants (Sewer)
16 creatures vanquished.

Grand Total: 102 creatures vanquished

Notes
Turn   | Place    | Note
-------+----------+-------------------------------------------
     0 | D:1      | MajorAdolf the Naga Wanderer began the quest for the Orb.
     0 | D:1      | MajorAdolf set off with the following items: a +0 club, a
                  | potion of lignification, a +0 robe, a scroll of
                  | teleportation; and the following spell memorised: Corona;
                  | and the following spells available to memorise: Ensorcelled
                  | Hibernation, Confusing Touch, Tukima's Dance, Dazzling
                  | Flash
     0 | D:1      | Reached XP level 1. HP: 19/19 MP: 3/3
    78 | D:1      | Reached skill level 2 in Stealth
   251 | D:1      | Reached skill level 3 in Stealth
   297 | D:1      | Reached XP level 2. HP: 25/26 MP: 5/5
  1101 | D:1      | Found Yquptuut's Magic Scroll Emporium.
  1195 | D:1      | Reached skill level 4 in Stealth
  1341 | D:1      | Bought a scroll of identify for 26 gold pieces
  1404 | D:1      | Reached XP level 3. HP: 28/32 MP: 6/6
  1537 | D:1      | Reached skill level 1 in Short Blades
  1600 | D:1      | Found a faded altar of an unknown god.
  2464 | D:2      | Reached XP level 4. HP: 39/39 MP: 7/7
  2545 | D:2      | Reached skill level 5 in Stealth
  2545 | D:2      | Noticed Sigmund
  2553 | D:2      | Killed Sigmund
  2554 | D:2      | Reached skill level 6 in Stealth
  2554 | D:2      | Reached XP level 5. HP: 45/45 MP: 6/8
  2785 | D:3      | Reached XP level 6. HP: 40/52 MP: 7/9
  2835 | D:3      | Found a runed translucent door.
  2840 | D:3      | Noticed Raspi's ghost (amateur HOFi)
  2865 | D:3      | Reached skill level 7 in Stealth
  3027 | D:3      | Found a glowing drain.
  3081 | Sewer    | Entered a sewer
  4030 | D:3      | Splashed by an orc priest's acid

Illustrated notes

Levels and vault maps discovered:
D:1:      lordsloth_arrival_two_stooges, layout_basic,
          dreamdust_ecumenical_altar_drowned_temple, serial_shops,
          nicolae_shop_statue_plus
D:2:      layout_rooms, wad_floor_pattern_2, kennysheep_path_1, uniq_sigmund
D:3:      layout_basic, ebering_ghost_sewer_f, cheibrodos_sewer_entry_bend

Skill      XL: |  1  2  3  4  5  6 |
---------------+-------------------+-----
Stealth        | 3 4 6 7 |  7.5
Short Blades   | 1 3 |  3.9
Shields        | 2 |  2.0
Fighting       | |  2.0
Spellcasting   | |  2.0
Hexes          | |  3.0

Action                   |  1- 3 |  4- 6 || total
-------------------------+-------+-------++-------
Melee: Club              |    11 |       ||    11
       Dagger            |    66 |   126 ||   192
 Abil: Spit Poison       |    18 |     5 ||    23
  Use: Scroll            |     1 |     3 ||     4
       Potion            |       |     1 ||     1
 Stab: Sleeping          |     8 |     8 ||    16
Armor: Robe              |    10 |    43 ||    53
       Skin              |       |     2 ||     2
Dodge: Dodged            |    32 |    30 ||    62
Block: Kite shield       |       |    45 ||    45
